 Dungeon Crawl Stone Soup version 0.30-a0-883-g5ad918d77d (webtiles) character file.

Game seed: 7049515011178759867

77 retardedninja the Trooper (level 4, -2/52 HPs)
             Began as a Human Fighter on Mar 17, 2023.
             Succumbed to an orc wizard's poison
             ... on level 3 of the Dungeon.
             The game lasted 00:02:11 (1700 turns).

retardedninja the Trooper (Human Fighter)           Turns: 1700, Time: 00:02:12

Health: -2/52      AC: 22    Str: 19    XL:     4   Next: 58%
Magic:  4/4        EV:  2    Int:  6    God:
Gold:   129        SH:  0    Dex: 12    Spells: 3/3 levels left

rFire   . . .      SeeInvis .    a - +0 war axe
rCold   . . .      Faith    .    c - +0 buckler
rNeg    . . .      Spirit   .    n - melded +0 chain mail
rPois   +          Reflect  .    (helmet currently unavailable)
rElec   .          Rampage  .    (cloak currently unavailable)
rCorr   .          NoTele   +    k - melded +0 pair of gloves
Will    .....                    (boots currently unavailable)
Stlth   +                        (no amulet)
HPRegen 0.28/turn                (no ring)
MPRegen 0.09/turn                (no ring)

@: confused, mighty, lethally poisoned (-2 -> -26), tree-form, hasted, very
quick
A: stationary, stasis, torment immunity, boosted hp, (iridescent scales 1),
dopey 1, (electricity resistance)
a: no special abilities


You were on level 3 of the Dungeon.
You were a tree.
You visited 1 branch of the dungeon, and saw 3 of its levels.

You collected 129 gold pieces.

Inventory:

Hand Weapons
 a - a +0 war axe (weapon)
Armour
 c - a +0 buckler (worn)
 k - a +0 pair of gloves (melded)
 n - a +0 chain mail (melded)
Jewellery
 o - an amulet of reflection
Scrolls
 e - a scroll of teleportation {unknown}
 f - 5 scrolls of identify {unknown}
 j - a scroll of torment {unknown}
 l - a scroll of noise {unknown}
 m - a scroll of fear {unknown}
 p - a scroll of amnesia {unknown}
Potions
 h - a potion of haste
 r - a potion of attraction {unknown}


   Skills:
 + Level 3.4 Fighting
 * Level 3.2 Axes
 + Level 3.4 Armour
 + Level 3.4 Shields


You had 3 spell levels left.
You didn't know any spells.
Your spell library contained the following spells:

 Spells                   Type           Power      Damage    Failure   Level
 Kindle Blastsparks       Fire/Tloc/Air  0%         2d10      89%         3
 Fulminant Prism          Conj/Hex       0%         3d5       100%        4
 Iskenderun's Mystic Bla  Conj/Tloc      0%         2d3       100%        4
 Passage of Golubria      Tloc           0%         N/A       100%        4
 Lee's Rapid Deconstruct  Erth           0%         3d4*      100%        5
 Silence                  Hex/Air        0%         N/A       100%        5
 Lehudib's Crystal Spear  Conj/Erth      0%         10d2      100%        8


Dungeon Overview and Level Annotations

Branches:
Dungeon (3/15)

Altars:


Innate Abilities, Weirdness & Mutations

You are a tree.
Your roots penetrate the ground, keeping you stationary.
You cannot be teleported.
You are immune to unholy pain and torment.
Your maximum health is greatly increased.
Your equipment is partially melded.
((You are partially covered in iridescent scales. (AC +2)))
You are dopey. (Int -2)
((You are resistant to electric shocks. (rElec)))


Message History

It was a potion of heal wounds.
You feel much better.
You feel very sick. Something hits you but does no damage.
You are more poisoned.
It was a potion of mutation.
You feel extremely strange.
You feel stupid.
Iridescent scales grow over part of your body.
You feel insulated.
You feel very sick.
It was a potion of curing.
You feel better.
You hear some strange, mumbled words.
A puff of flame appears from out of thin air!
The puff of flame misses you.
You hit something but do no damage. Something hits you.
You are poisoned.
You barely miss something.
You feel very sick.
You hear some strange, mumbled words.
You are confused.
You bump into the rock wall.
You feel sick. Something hits you but does no damage.
Unknown command.
You barely miss something.
You feel sick.
You hear some strange, mumbled words.
A magic dart appears from out of thin air!
The magic dart hits you but does no damage.
You bump into the rock wall.
You feel sick.
You closely miss something.
You feel sick. Something hits you but does no damage.
You are lethally poisoned!
You closely miss something.
* * * LOW HITPOINT WARNING * * *
You feel sick. Something hits you.
* * * LOW HITPOINT WARNING * * *
You are more poisoned.
It was a potion of lignification.
You turn into a tree.
Your +0 pair of gloves melds into your body.
Your +0 chain mail melds into your body.
Your roots penetrate the ground.
You die...

..........##..#
>.###)###.##..#
#.# #.##..# #.#
#.....# # #.#
####..#####.#
#.# #....:...#
#.# #.###!####
####.# ...# #.#
#....# #.###
#♣# #.#### #.
#{# .#.# # #b#
.#.# #o# .#.#
... .#.## ...
..#.######.#
...
.###........
.....
..#.######..


You could see an orc and a bat.

Vanquished Creatures
  An orc wizard (D:3)
  A worm (D:2)
  A dart slug (D:2)
  5 orcs (D:3)
  2 ball pythons (D:1)
  2 endoplasms
  2 hobgoblins
  3 quokkas
  4 bats
  3 frilled lizards
  6 goblins
  6 kobolds
  3 rats
39 creatures vanquished.

Notes
Turn   | Place    | Note
-------+----------+-------------------------------------------
     0 | D:1      | retardedninja the Human Fighter began the quest for the
                  | Orb.
     0 | D:1      | Reached XP level 1. HP: 18/18 MP: 1/1
   202 | D:1      | Reached XP level 2. HP: 18/24 MP: 2/2
   713 | D:1      | Reached XP level 3. HP: 27/29 MP: 3/3
  1680 | D:3      | Reached XP level 4. HP: 35/35 MP: 4/4
  1689 | D:3      | HP: 1/35 [something (4)]
  1691 | D:3      | Gained mutation: You are dopey. (Int -2) [potion of
                  | mutation]
  1691 | D:3      | Gained mutation: You are partially covered in iridescent
                  | scales. (AC +2) [potion of mutation]
  1691 | D:3      | Gained mutation: You are resistant to electric shocks.
                  | (rElec) [potion of mutation]
  1699 | D:3      | HP: 1/35 [something (5)]
  1700 | D:3      | Succumbed to an orc wizard's poison

Illustrated notes

Levels and vault maps discovered:
D:1:      minmay_arrival_nine_rooms, layout_loops_ring,
          amcnicky_mini_pool_small, minmay_misc_feat_more_columns,
          minmay_pentomino_z4
D:2:      layout_rooms, minmay_box_of_dots
D:3:      layout_loops_ring, serial_shops, nicolae_lakefront_shop

Skill      XL: |  1  2  3 |
---------------+----------+-----
Axes           | 3 |  3.2
Fighting       | |  3.4
Armour         | |  3.4
Shields        | |  3.4

Action                     |  1- 3 |  4- 6 || total
---------------------------+-------+-------++-------
  Melee: War axe           |    94 |    14 ||   108
    Use: Potion            |     1 |     5 ||     6
 Armour: Scale mail        |    45 |       ||    45
         Chain mail        |    22 |     7 ||    29
  Dodge: Dodged            |    47 |     2 ||    49
  Block: Buckler           |    30 |     2 ||    32

Table legend: (Time is in decaauts)
 A = Elapsed time spent in this place.
 B = Non-inter-level travel time spent in this place.
 C = Inter-level travel time spent in this place.
 D = Time resting spent in this place.
 E = Time spent auto-exploring this place.
 F = Levels seen in this place.
 G = Mean time per level.
                   A        B        C        D        E       F      G
               +--------+--------+--------+--------+--------+-----+--------+
         Total |   1741 |   1625 |    116 |    209 |   1076 |   3 |  580.3 |
       Dungeon |   1741 |   1625 |    116 |    209 |   1076 |   3 |  580.3 |
               +--------+--------+--------+--------+--------+-----+--------+

Top non-repeatable levels by time:
     D:1: 1017 daAuts
     D:2: 482 daAuts
     D:3: 241 daAuts
